[Event "11th American Continental Women 2018"]
[Site "Envigado"]
[Date "2018.11.20"]
[Round "6.13"]
[White "Gomez Guardo, Laura Meli"]
[Black "Ocampo, Cristina"]
[Result "1/2-1/2"]
[ECO "A00"]
[WhiteElo "1842"]
[BlackElo "1771"]
[Annotator "NA RC"]
[PlyCount "87"]
[EventDate "2018.11.17"]
[EventType "swiss"]
[EventRounds "9"]
[EventCountry "COL"]
[SourceTitle "playchess.com"]
[Source "ChessBase"]
[SourceQuality "1"]
[TimeControl "40/5400+30:1800+30"]

1. d4 d5 2. c4 c6 3. Nc3 Nf6 4. Nf3 e6 5. Bg5 Be7 6. e3 Ne4 7. Bxe7 Qxe7 8. Qc2 Nxc3 9. Qxc3 Nd7 10. Bd3 O-O 11. e4 dxc4 12. Bxc4 c5 13. O-O cxd4 14. Nxd4 b6 15. Rfd1 Bb7 16. Qe3 Ne5 17. Bb3 Rfd8 18. h3 Qh4 19. Re1 Nd7 20. Nb5 Nc5 21. Bc2 e5 22. b4 Ne6 23. Rad1 Qe7 24. a3 a6 25. Nc3 Nd4 26. Bb1 Rac8 27. Rd3 Rd6 28. Red1 Rcd8 29. Ne2 Nxe2+ 30. Qxe2 Qc7 31. Rxd6 Rxd6 32. Rxd6 Qxd6 33. Qd3 Qxd3 34. Bxd3 Kf8 35. Kf1 Ke7 36. Ke2 a5 37. Ke3 f5 38. g3 fxe4 39. Bc4 Kf6 40. h4 axb4 41. axb4 Ba8 42. Bb3 Bc6 43. Bc4 Bb7 44. Bb3 1/2-1/2

[Event "11th American Continental Women 2018"]
[Site "Envigado"]
[Date "2018.11.20"]
[Round "6.14"]
[White "Moncada Correa, Sara"]
[Black "Caballero Marrugo, Maria Jose"]
[Result "1-0"]
[ECO "A00"]
[WhiteElo "1792"]
[BlackElo "1338"]
[Annotator "NA RC"]
[PlyCount "85"]
[EventDate "2018.11.17"]
[EventType "swiss"]
[EventRounds "9"]
[EventCountry "COL"]
[SourceTitle "playchess.com"]
[Source "ChessBase"]
[SourceQuality "1"]
[TimeControl "40/5400+30:1800+30"]

1. d4 Nf6 2. c4 e6 3. Nf3 b6 4. g3 Bb7 5. Bg2 Bb4+ 6. Bd2 Bxd2+ 7. Nbxd2 O-O 8. O-O d6 9. Qc2 Nbd7 10. Rac1 c5 11. Rfd1 Qe7 12. e4 h6 13. d5 e5 14. Re1 Nh7 15. Nf1 Ng5 16. Nxg5 Qxg5 17. Ne3 Nf6 18. Bf3 Bc8 19. h4 Qg6 20. Nf5 Bxf5 21. exf5 Qh7 22. Re3 g5 23. fxg6 fxg6 24. Qa4 Qd7 25. Qxd7 Nxd7 26. Bg4 Rad8 27. Ra3 a5 28. Rb3 Nf6 29. Be6+ Kh8 30. Rxb6 Ne4 31. Rc2 g5 32. hxg5 Nxg5 33. Bg4 Nf3+ 34. Bxf3 Rxf3 35. Kg2 Rf7 36. Ra6 h5 37. Rxa5 Rg7 38. Rc3 Rdg8 39. Ra6 Rg6 40. a3 Kh7 41. b4 cxb4 42. axb4 Kh6 43. c5 1-0

[Event "11th American Continental Women 2018"]
[Site "Envigado"]
[Date "2018.11.20"]
[Round "6.15"]
[White "Zapata, Olga Maria"]
[Black "Prado, Alexandra"]
[Result "0-1"]
[ECO "A00"]
[WhiteElo "1695"]
[BlackElo "1873"]
[Annotator "NA RC"]
[PlyCount "88"]
[EventDate "2018.11.17"]
[EventType "swiss"]
[EventRounds "9"]
[EventCountry "COL"]
[SourceTitle "playchess.com"]
[Source "ChessBase"]
[SourceQuality "1"]
[TimeControl "40/5400+30:1800+30"]

1. d4 Nf6 2. c4 g6 3. Nc3 Bg7 4. e4 d6 5. f3 O-O 6. Be3 Nc6 7. Qd2 a6 8. Nge2 Rb8 9. Ng3 Bd7 10. Be2 e6 11. O-O Re8 12. Rad1 e5 13. d5 Nd4 14. Bd3 c5 15. dxc6 bxc6 16. Nge2 c5 17. Rb1 h5 18. Bg5 Qc7 19. b3 Nh7 20. Be3 h4 21. Nd5 h3 22. g3 Qd8 23. f4 Bg4 24. Bxd4 exd4 25. Rbe1 Bh6 26. Qc2 Rb7 27. e5 dxe5 28. Bxg6 fxg6 29. Qxg6+ Rg7 30. Qxh6 d3 31. Nec3 Re6 32. Qh4 Qxh4 33. gxh4 Be2+ 34. Kh1 Bxf1 35. Rxf1 exf4 36. Nxf4 Rf6 37. Ncd5 Rf8 38. Rd1 Re8 39. Nxd3 Re4 40. N3f4 Rf7 41. Rg1+ Kf8 42. Ng6+ Ke8 43. Nh8 Rf2 44. Ng6 Ree2 0-1

[Event "11th American Continental Women 2018"]
[Site "Envigado"]
[Date "2018.11.23"]
[Round "8"]
[White "Rivera, Ingris"]
[Black "Miranda Rodriguez, Tania"]
[Result "1-0"]
[ECO "A58"]
[WhiteElo "2188"]
[BlackElo "2246"]
[Annotator "ChessBase"]
[PlyCount "79"]
[EventDate "2018.11.17"]
[EventType "swiss"]
[EventRounds "9"]
[EventCountry "COL"]
[SourceTitle "playchess.com"]
[Source "ChessBase"]
[SourceQuality "1"]
[TimeControl "40/5400+30:1800+30"]

1. d4 Nf6 2. c4 c5 3. d5 b5 4. cxb5 a6 5. bxa6 g6 6. Nc3 Bg7 7. a7 Rxa7 8. e4 O-O 9. f4 e6 10. dxe6 fxe6 11. Nf3 Bb7 12. Qc2 Nc6 13. Be3 Nb4 14. Qb1 d6 15. Be2 Qa8 16. Nd2 Nd7 17. Nb5 d5 18. Nxa7 Qxa7 19. a3 Nc6 20. Bg4 Nd8 21. O-O d4 22. Bf2 Rxf4 23. Be2 Qa8 24. Bf3 Ba6 25. Bg3 Rf7 26. Re1 Bh6 27. Nf1 c4 28. b4 Bb5 29. a4 Bxa4 30. Bd1 Nb6 31. Bxa4 Nxa4 32. Qa2 Ra7 33. Qxc4 Bg7 34. e5 Qb8 35. Qxd4 Nc6 36. Qc4 Nxb4 37. Qxe6+ Kh8 38. Rec1 Nb6 39. Rxa7 Qxa7 40. Qe8+ 1-0

[Event "11th American Continental Women 2018"]
[Site "Envigado"]
[Date "2018.11.24"]
[Round "9"]
[White "Marrero Lopez, Yaniet"]
[Black "Fernandez, Maria Florencia"]
[Result "1/2-1/2"]
[ECO "C02"]
[WhiteElo "2253"]
[BlackElo "2198"]
[Annotator "NA"]
[PlyCount "64"]
[EventDate "2018.11.17"]
[EventType "swiss"]
[EventRounds "9"]
[EventCountry "COL"]
[SourceTitle "playchess.com"]
[Source "ChessBase"]
[SourceQuality "1"]
[TimeControl "40/5400+30:1800+30"]

1. e4 e6 2. d4 d5 3. e5 c5 4. c3 Nc6 5. Nf3 Bd7 6. a3 f6 7. Bd3 Qc7 8. Qe2 c4 9. Bc2 O-O-O 10. O-O Nh6 11. Bxh6 gxh6 12. exf6 Bd6 13. Nbd2 Rdf8 14. Rae1 Rxf6 15. Ne5 Bxe5 16. dxe5 Rf7 17. Qe3 Rg7 18. f4 Re8 19. Nf3 Kb8 20. Nd4 Nxd4 21. Qxd4 Bc6 22. Re3 Reg8 23. Rf2 Rg4 24. Bd1 R4g6 25. Bh5 R6g7 26. Rh3 Qe7 27. Bd1 Rg6 28. Bc2 Rg4 29. Bd1 R4g6 30. Bc2 Rg4 31. Bd1 R4g6 32. g4 Bd7 1/2-1/2

[Event "11th American Continental Women 2018"]
[Site "Envigado"]
[Date "2018.11.24"]
[Round "9"]
[White "Besso, Guadalupe"]
[Black "Franco Valencia, Beatriz Irene"]
[Result "1/2-1/2"]
[ECO "A41"]
[WhiteElo "2069"]
[BlackElo "2191"]
[Annotator "NA"]
[PlyCount "82"]
[EventDate "2018.11.17"]
[EventType "swiss"]
[EventRounds "9"]
[EventCountry "COL"]
[SourceTitle "playchess.com"]
[Source "ChessBase"]
[SourceQuality "1"]
[TimeControl "40/5400+30:1800+30"]

1. d4 d6 2. Nf3 Bg4 3. c4 Nd7 4. Bg5 h6 5. Bf4 g5 6. Bc1 Bg7 7. Nc3 e5 8. dxe5 dxe5 9. h4 gxh4 10. Nxh4 Ne7 11. Qc2 Nc5 12. g3 Qd7 13. Bg2 Nf5 14. Nxf5 Bxf5 15. Qd2 c6 16. Qxd7+ Bxd7 17. Be3 Ne6 18. Ne4 Ke7 19. Nc5 Nd4 20. Bxd4 exd4 21. O-O-O Be6 22. b3 Rab8 23. Rhe1 Kd6 24. Nxe6 fxe6 25. e3 c5 26. exd4 Bxd4 27. Bh3 Rbe8 28. f4 Rhg8 29. g4 e5 30. fxe5+ Rxe5 31. Rxe5 Kxe5 32. Rf1 Be3+ 33. Kc2 Rg7 34. Rf5+ Kd6 35. Kd3 Bd4 36. Rh5 Rg6 37. Bg2 b6 38. Be4 Rxg4 39. Rxh6+ Kc7 40. Rh7+ Rg7 41. Rxg7+ Bxg7 1/2-1/2